 Dungeon Crawl Stone Soup version 0.18.1-48-g4cf74bf (webtiles) character file.

174 tyrion the Chucker (level 5, -4/49 HPs)
             Began as a Troll Hunter on July 17, 2016.
             Slain by an ogre
             ... wielding a +0 giant club
              (23 damage)
             ... on level 4 of the Dungeon.
             The game lasted 00:05:20 (2798 turns).

tyrion the Chucker (Troll Hunter)                   Turns: 2798, Time: 00:05:21

Health: -4/49      AC:  6    Str: 21    XL:     5   Next: 28%
Magic:  4/4        EV: 10    Int:  7    God:
Gold:   175        SH:  0    Dex: 10    Spells: 0 memorised, 4 levels left

rFire  . . .     SeeInvis .       - Unarmed
rCold  . . .     Gourm    +     b - +1 robe
rNeg   . . .     Faith    .     (no shield)
rPois  .         Spirit   .     (helmet restricted)
rElec  .         Dismiss  .     (no cloak)
rCorr  .         Reflect  .     (gloves unavailable)
SustAt .         Harm     .     (boots unavailable)
MR     .....                    (no amulet)
Stlth  ..........               (no ring)
                                s - ring of loudness (curse)

@: not resistant to hostile enchantments, extremely unstealthy
A: unfitting armour, claws 3, fast metabolism 3, gourmand, regeneration 2,
shaggy fur 1, tough skin 2
a: no special abilities


You were on level 4 of the Dungeon.
You were not hungry.

You visited 1 branch of the dungeon, and saw 4 of its levels.

You collected 175 gold pieces.

Inventory:

Hand Weapons
 a - a +0 short sword
Missiles
 c - 7 large rocks (quivered)
 d - 2 throwing nets
Armour
 b - a +1 robe (worn)
Jewellery
 h - an uncursed ring of flight {unknown}
 s - a cursed ring of loudness (left claw)
Wands
 o - a wand of polymorph (13/24)
Scrolls
 e - a scroll of identify
 g - a scroll of magic mapping
 m - a scroll of amnesia
Potions
 k - a potion of brilliance
 r - a potion of curing
 t - a potion of haste
Comestibles
 f - 3 bread rations
 i - 3 fruits
 j - 3 meat rations
 n - a royal jelly


   Skills:
 + Level 2.2 Fighting
 * Level 4.4 Throwing
 + Level 2.7 Dodging
 - Level 0.4 Stealth
 * Level 2.4 Unarmed Combat


You had 4 spell levels left.
You didn't know any spells.

Dungeon Overview and Level Annotations

Branches:
Dungeon (4/15)
 Temple: D:4-7

Altars:
Kikubaaqudgha
Nemelex Xobeh
Qazlal


Innate Abilities, Weirdness & Mutations

You are too large for most types of armour.
You have claws for hands.
Your metabolism is lightning-fast.
You like to eat raw meat.
You heal very quickly.
You are covered in fur (AC +1).
You have very tough skin (AC +2).


Message History

An ogre is nearby!
Throwing (i - inventory. (,) - cycle):
c - 10 large rocks (quivered)
Press: ? - help, Shift-Dir - straight line, f - ogre
Aim: an ogre, wielding a giant club You throw a large rock.
The large rock closely misses the ogre.
Throwing (i - inventory. (,) - cycle):
c - 9 large rocks (quivered)
Press: ? - help, Shift-Dir - straight line, f/p - ogre
Aim: an ogre, wielding a giant club You throw a large rock.
The large rock hits the ogre!!
The ogre is severely wounded.
The ogre hits you with a giant club!!
Ouch! That really hurt!
There is an open door here.
Throwing (i - inventory. (,) - cycle):
c - 8 large rocks (quivered)
Press: ? - help, Shift-Dir - straight line, f/p - ogre
Aim: an ogre, wielding a giant club (severely wounded)
You throw a large rock.
The large rock completely misses the ogre.
The ogre hits you with a giant club! The ogre hits you with a giant club!!
You die...

#...$....(#* ###.###.....
#.# *,,#.. ###.###*,*,,
#.....#*,,,, #.....#*,,,,
#.....#*,,**
###############'###*,,**
#......@O.....(.# *,,,*
#.###############***,*,*
######.## *,,,,,,,,,,*,,
#.......# *,******,,,,,,
#.####..# *,* *,,,,,, #.#
#..#*******,* ***,,,,,,
#.#
#..#,,,,,,*,****,,,,,,,,
#.#
#..#,****,*,,,,,,,,*****
#.#**####,*,**,*,,,,,,,,*


You could see an ogre.

Vanquished Creatures
  Ijyb (D:2)
  3 gnolls (D:4)
  4 adders
  4 worms
  A giant gecko (D:1)
  An orc (D:3)
  2 bats
  2 bat skeletons (D:3)
  3 bat zombies (D:3)
  4 giant cockroaches
  6 goblins
  5 hobgoblins
  4 jackals (D:2)
  15 kobolds
  2 quokkas
  A ball python (D:2)
  3 giant newts
  8 rats
69 creatures vanquished.

Notes
Turn   | Place    | Note
--------------------------------------------------------------
     0 | D:1      | tyrion the Troll Hunter began the quest for the Orb.
     0 | D:1      | Reached XP level 1. HP: 19/19 MP: 0/0
   293 | D:1      | Reached XP level 2. HP: 28/28 MP: 1/1
   371 | D:1      | Reached skill level 1 in Unarmed Combat
   927 | D:2      | Reached XP level 3. HP: 31/35 MP: 2/2
  1358 | D:2      | Reached XP level 4. HP: 42/42 MP: 3/3
  1402 | D:2      | Found a sparkling altar of Nemelex Xobeh.
  1450 | D:2      | Reached skill level 4 in Throwing
  1486 | D:2      | Noticed Ijyb
  1499 | D:2      | Killed Ijyb
  1958 | D:3      | Found a stormy altar of Qazlal.
  2155 | D:3      | Found a faded altar to an unknown god.
  2250 | D:3      | Found an ancient bone altar of Kikubaaqudgha.
  2644 | D:3      | Reached XP level 5. HP: 49/49 MP: 4/4
  2779 | D:4      | Noticed an ogre
  2798 | D:4      | Slain by an ogre

Skill      XL: |  1  2  3  4 |
---------------+-------------+-----
Unarmed Combat | 1 2 |  2.4
Dodging        | 2 |  2.7
Fighting       | 2 |  2.2
Throwing       | 4 |  4.4
Stealth        | |  0.4

Action                   |  1- 3 |  4- 6 || total
-------------------------+-------+-------++-------
Melee: Unarmed           |   102 |   102 ||   204
       Punch             |       |     1 ||     1
Throw: Large rock        |       |     3 ||     3
  Use: Scroll            |       |    10 ||    10
 Stab: Sleeping          |       |     2 ||     2
  Eat: Chunk             |    13 |     8 ||    21
       Beef jerky        |       |     1 ||     1
Armor: Robe              |    38 |    38 ||    76
Dodge: Dodged            |    51 |    47 ||    98
